 Dungeon Crawl Stone Soup version 0.27.1-4-g1640c2035a (webtiles) character file.

Game seed: 12814026533545176770

310 Crownlay the Skirmisher (level 6, 0/100 HPs)
             Began as an Ogre Berserker on Nov 5, 2021.
             Was a Priest of Trog.
             Succumbed to an adder's poison
             ... in a sewer.
             The game lasted 00:06:49 (3095 turns).

Crownlay the Skirmisher (Ogre Berserker)            Turns: 3095, Time: 00:06:49

Health: 0/100      AC: 23    Str: 24    XL:     6   Next: 41%
Magic:  6/6        EV:  1    Int:  8    God:    Trog [***...]
Gold:   106        SH:  0    Dex:  8    Spells: 5/5 levels left

rFire    . . .     SeeInvis .   j - +2 mace (drain)
rCold    . . .     Faith    .   (no shield)
rNeg     + + +     Spirit   .   (armour currently unavailable)
rPois    +         Reflect  .   (helmet currently unavailable)
rElec    .         Harm     .   (cloak currently unavailable)
rCorr    .         Rampage  .   (gloves unavailable)
Will     .....     NoTele   +   (boots unavailable)
Stlth    +.........             (no amulet)
HPRegen  0.26/turn              (no ring)
MPRegen  0.10/turn              (no ring)

@: lethally poisoned (0 -> -4), tree-form, on berserk cooldown, slowed, very
slow
A: stationary, stasis, torment immunity, boosted hp, large, unfitting armour,
(tough skin 1)
a: Renounce Religion, Berserk, Trog's Hand


You were in a sewer.
You worshipped Trog.
Trog was most pleased with you.
You were a tree.
You visited 1 branch of the dungeon, and saw 3 of its levels.
You also visited: Sewer.

You collected 106 gold pieces.

Inventory:

Hand Weapons
 j - a +2 mace of draining (weapon)
Armour
 a - a +0 cloak
 b - a +0 animal skin (melded)
Scrolls
 c - a scroll of magic mapping {unknown}
 g - a scroll of identify {unknown}
 h - 2 scrolls of fog
 n - a scroll of enchant weapon {unknown}
 o - 2 scrolls of teleportation {unknown}
 p - a scroll of enchant armour {unknown}
 q - a scroll of fear {unknown}
Potions
 d - 2 potions of berserk rage {unknown}
 e - 2 potions of flight {unknown}
 f - a potion of lignification
 i - 2 potions of haste {unknown}
 k - a potion of invisibility {unknown}
 l - a potion of magic {unknown}
 m - 2 potions of heal wounds {unknown}


   Skills:
 + Level 6.1 Fighting
 * Level 5.4 Maces & Flails
 - Level 2.6 Dodging


You had 5 spell levels left.
You didn't know any spells.
Your spell library was empty.

Dungeon Overview and Level Annotations

Branches:
Dungeon (3/15)              Sewer (1/1)

Altars:
Vehumet


Innate Abilities, Weirdness & Mutations

You are a tree.
Your roots penetrate the ground, keeping you stationary.
You cannot be teleported.
You are immune to unholy pain and torment.
Your maximum health is greatly increased.
Your equipment is partially melded.
You are too large for most types of armour.
((You have tough skin. (AC +1)))


Message History

* * * LOW HITPOINT WARNING * * *
You see here a frilled lizard corpse.
You feel a strong urge to attack something.
You feel the effects of Trog's Hand fading.
You feel sick. The bullfrog hits you.
* * * LOW HITPOINT WARNING * * *
The adder closely misses you.
You sock the adder!
You kill the adder!
Trog accepts your kill.
You feel sick. The adder bites you.
* * * LOW HITPOINT WARNING * * *
The adder bites you.
* * * LOW HITPOINT WARNING * * *
You closely miss the adder.
You feel sick. The adder bites you.
* * * LOW HITPOINT WARNING * * *
The bullfrog barely misses you.
You are too berserk!
You thump the adder!
You kill the adder!
Trog accepts your kill.
You are no longer berserk.
You are exhausted.
You feel yourself slow down.
* * * LOW HITPOINT WARNING * * *
You feel sick. The adder barely misses you. x2
The frilled lizard bites you but does no damage.
The bullfrog completely misses you.
It was a potion of lignification.
You turn into a tree.
Your +0 animal skin melds into your body.
Your roots penetrate the ground.
You feel sick.
The bullfrog hits you but does no damage. x2
The adder bites you but does no damage. x2
The frilled lizard bites you but does no damage.
The bullfrog hits you but does no damage. x2
The adder bites you but does no damage. x2
You hit the adder. You drain the adder.
The adder is severely wounded.
Your skin stops crawling.
You feel less strong-willed.
You die...

#..†.'..# #..†.#..#
##...####
#....####################
#......≈≈≈≈≈≈≈≈≈≈≈≈≈≈≈...
##....≈≈≈≈≈≈≈≈≈≈≈≈≈≈≈≈≈..
#....≈≈≈≈≈≈≈≈≈≈≈≈≈≈≈≈≈..
#....≈≈≈≈≈≈≈≈FlF≈≈≈≈≈≈..
##...≈≈≈≈≈≈#≈.♣Sl≈≈≈≈≈..
###.#≈≈≈≈≈≈≈≈≈S≈≈≈≈≈...
#####################


You could see 2 bullfrogs, 2 adders and 2 frilled lizards.

Vanquished Creatures
  Crazy Yiuf (D:3)
  Jessica (D:2)
  Natasha (thrice) (D:2)
  7 adders
  3 river rats (Sewer)
  4 dart slugs
  An orc (D:3)
  12 ball pythons
  4 bats
  2 endoplasms (D:1)
  3 giant cockroaches
  5 hobgoblins
  7 jackals
  2 quokkas
  7 frilled lizards
  6 goblins
  5 kobolds
  27 rats
100 creatures vanquished.

Vanquished Creatures (others)
  An orc (D:3)
  A frilled lizard (D:3)
  2 fungi (D:3)
4 creatures vanquished.

Grand Total: 104 creatures vanquished

Notes
Turn   | Place    | Note
-------+----------+-------------------------------------------
     0 | D:1      | Crownlay the Ogre Berserker began the quest for the Orb.
     0 | D:1      | Reached XP level 1. HP: 24/24 MP: 1/1
   236 | D:1      | Reached XP level 2. HP: 27/32 MP: 2/2
   412 | D:1      | Found a faded altar of an unknown god.
   982 | D:2      | Reached XP level 3. HP: 40/40 MP: 3/3
  1126 | D:2      | Noticed Natasha
  1142 | D:2      | Killed Natasha
  1143 | D:2      | Reached XP level 4. HP: 25/49 MP: 4/4
  1431 | D:2      | Noticed Natasha
  1441 | D:2      | Killed Natasha
  1442 | D:2      | Reached skill level 5 in Fighting
  1795 | D:2      | Reached ** piety under Trog
  1807 | D:2      | Noticed Jessica
  1813 | D:2      | Killed Jessica
  1814 | D:2      | Reached XP level 5. HP: 51/57 MP: 5/5
  2100 | D:2      | Noticed Natasha
  2108 | D:2      | Killed Natasha
  2172 | D:3      | Found a radiant altar of Vehumet.
  2600 | D:3      | Found a runed translucent door.
  2601 | D:3      | Noticed Crazy Yiuf
  2607 | D:3      | Killed Crazy Yiuf
  2608 | D:3      | Reached skill level 5 in Maces & Flails
  2698 | D:3      | Found a glowing drain.
  2702 | Sewer    | Entered a sewer
  2736 | Sewer    | Reached XP level 6. HP: 67/67 MP: 6/6
  2950 | Sewer    | Reached skill level 6 in Fighting
  2955 | Sewer    | Reached *** piety under Trog
  3092 | Sewer    | HP: 5/100 [poisoned by an adder]
  3092 | Sewer    | HP: 2/100 [adder (3)]
  3095 | Sewer    | Succumbed to an adder's poison

Illustrated notes

Levels and vault maps discovered:
D:1:      wander_arrival_lonely_grave, layout_rooms, serial_aquarium,
          aquarium_bridge_long_separate [aquarium_subvault_bridge,
          aquarium_subvault_bridge, aquarium_subvault_wall,
          aquarium_subvault_bridge, aquarium_subvault_wall,
          aquarium_subvault_bridge], aquarium_bridge_square
          [aquarium_subvault_bridge, aquarium_subvault_bridge,
          aquarium_subvault_bridge, aquarium_subvault_balcony],
          aquarium_window_1, aquarium_window_corridor_2, aquarium_view_2e,
          hellmonk_ecumenical_altar_slurped_away
D:2:      layout_loops_ring, uniq_natasha, uniq_jessica
D:3:      layout_rooms, fiery_altar_vehumet, elyvilon_altar_1,
          gup_sewer_entry_spiral, uniq_crazy_yiuf_cottage
Sewer:    sewer_minmay_w

Skill      XL: |  1  2  3  4  5  6 |
---------------+-------------------+-----
Maces & Flails | 3 4 5 |  5.4
Fighting       | 5 6 |  6.1
Dodging        | |  2.6

Action                   |  1- 3 |  4- 6 || total
-------------------------+-------+-------++-------
Melee: Mace              |    93 |   221 ||   314
Invok: Berserk           |     1 |     5 ||     6
       Trog's Hand       |       |     5 ||     5
  Use: Scroll            |       |     1 ||     1
       Potion            |       |     1 ||     1
 Stab: Sleeping          |     1 |       ||     1
Armor: Animal skin       |    14 |    75 ||    89
       Skin              |       |     9 ||     9
Dodge: Dodged            |    58 |   171 ||   229
